 Dungeon Crawl Stone Soup version 0.25-a0-346-g140ab784a8 (webtiles) character file.

Game seed: 1388841822479002076, levelgen mode: deterministic

92 Essalna the Grave Robber (level 4, 0/24 HPs)
             Began as a Deep Elf Necromancer on Dec 31, 2019.
             Killed from afar by an orc wizard (5 damage)
             ... with a magic dart
             ... on level 3 of the Dungeon.
             The game lasted 00:05:33 (2415 turns).

Essalna the Grave Robber (Deep Elf Necromancer)     Turns: 2415, Time: 00:05:34

Health: 0/24       AC:  2    Str:  5    XL:     4   Next: 35%
Magic:  5/12       EV: 13    Int: 21    God:
Gold:   123        SH:  0    Dex: 15    Spells: 7/12 levels left

rFire    + . .     SeeInvis .   f - +0 mace (curse)
rCold    . . .     Gourm    .   (no shield)
rNeg     . . .     Faith    .   a - +0 robe
rPois    .         Spirit   .   (no helmet)
rElec    .         Reflect  .   (no cloak)
rCorr    .         Harm     .   (no gloves)
MR       .....                  (no boots)
Stlth    ++........             (no amulet)
HPRegen  0.08/turn              r - ring of protection from fire
MPRegen  0.13/turn              (no ring)

@: no status effects
A: no striking features
a: no special abilities


You were on level 3 of the Dungeon.
You were not hungry.

You visited 1 branch of the dungeon, and saw 3 of its levels.

You collected 123 gold pieces.

Inventory:

Hand Weapons
 f - a cursed +0 mace (weapon)
Armour
 a - a +0 robe (worn)
Jewellery
 r - a ring of protection from fire (left hand)
Scrolls
 e - 5 scrolls of identify {unknown}
 j - 2 scrolls of magic mapping {unknown}
 l - 3 scrolls of teleportation {unknown}
 m - 3 scrolls of enchant armour {unknown}
 n - a scroll of fear {unknown}
 o - a scroll of remove curse {unknown}
 p - a scroll of immolation {unknown}
 q - a scroll of enchant weapon {unknown}
 s - a scroll of fog {unknown}
Potions
 b - 3 potions of flight {unknown}
 d - a potion of agility {unknown}
 g - a potion of invisibility {unknown}
 h - 2 potions of heal wounds {unknown}
 i - a potion of berserk rage {unknown}
 k - 2 potions of mutation {unknown}
Comestibles
 c - 5 rations
 t - 3 chunks of flesh


   Skills:
 - Level 2.4 Dodging
 - Level 2.4 Stealth
 + Level 4.9 Spellcasting
 + Level 6.0 Necromancy


You had 7 spell levels left.
You knew the following spells:

 Your Spells              Type           Power        Failure   Level  Hunger
a - Pain                  Necr           ####         1%          1    None
b - Vampiric Draining     Necr           ####......   2%          3    ##.....
c - Animate Skeleton      Necr           N/A          1%          1    None

Your spell library contained the following spells:

 Spells                   Type           Power        Failure   Level  Hunger
 Animate Dead             Necr           N/A          9%          4    ####...
 Regeneration             Chrm/Necr      ###.......   10%         3    ##.....


Dungeon Overview and Level Annotations

Branches:
Dungeon (3/15)

Altars:
Makhleb
Xom
The Shining One


Message History

Aiming: Pain (safe; 1% risk of failure)
Press: ? - help, Shift-Dir - straight line, f/p - orc
Aim: an orc, wielding a -3 trident and wearing a +2 chain mail of magic resistance (almost dead, chance to defeat MR: 71%)
The orc writhes in agony!
You kill the orc!
Casting: Pain (safe; 1% risk of failure)
Confirm with . or Enter, or press ? or * to list all spells.
Aiming: Pain (safe; 1% risk of failure)
Press: ? - help, Shift-Dir - straight line, f - orc wizard
Aim: an orc wizard, wielding a +0 dagger and wearing a +0 robe (chance to defeat MR: 84%)
The orc wizard barely resists.
Casting: Pain (safe; 1% risk of failure)
Confirm with . or Enter, or press ? or * to list all spells.
Aiming: Pain (safe; 1% risk of failure)
Press: ? - help, Shift-Dir - straight line, f/p - orc wizard
Aim: an orc wizard, wielding a +0 dagger and wearing a +0 robe (chance to defeat MR: 84%)
The orc wizard writhes in agony.
The orc wizard points at you and mumbles some strange words.
The magic dart hits you.
You die...

######. ..## ........
#... .######. #..# #.#
#. #.)# #.# ##. #..# #.#
#.. #####).# #.# #.#
#.#....o.# #.# #.#
#....##@########.# #.#
#......%ZZ.(..##.# #.#
##...##.#####.##.#####.#
.... ...# #.##...รท....
........# #.Z.Z....).#
........# ############
##...#### #... #..


You could see an orc wizard, a friendly adder skeleton and a friendly kobold
skeleton.

Vanquished Creatures
  3 adders (D:3)
  5 leopard geckos
  4 orcs (D:3)
  2 giant cockroaches
  4 goblins
  7 hobgoblins
  4 jackals
  A quokka (D:3)
  A ball python (D:2)
  8 bats
  4 frilled lizards
  7 kobolds
  2 rats (D:2)
52 creatures vanquished.

Notes
Turn   | Place    | Note
-------+----------+-------------------------------------------
     0 | D:1      | Essalna the Deep Elf Necromancer began the quest for the
                  | Orb.
     0 | D:1      | Reached XP level 1. HP: 10/10 MP: 6/6
     7 | D:1      | Reached skill level 5 in Necromancy
   401 | D:1      | Reached XP level 2. HP: 13/15 MP: 5/8
  1079 | D:2      | Found a glowing golden altar of the Shining One.
  1213 | D:2      | Found a burning altar of Makhleb.
  1213 | D:2      | Found a shimmering altar of Xom.
  1333 | D:2      | Reached XP level 3. HP: 17/19 MP: 7/10
  1988 | D:3      | Reached XP level 4. HP: 20/24 MP: 6/12
  2009 | D:3      | Reached skill level 6 in Necromancy
  2262 | D:3      | Learned a level 3 spell: Vampiric Draining
  2264 | D:3      | Learned a level 1 spell: Animate Skeleton
  2415 | D:3      | Killed from afar by an orc wizard

Levels and vault maps discovered:
D:1:      dpeg_arrival_refuge, layout_basic
D:2:      layout_basic, gammafunk_temple_overflow_elements, tso_oasis_becter
D:3:      minmay_thinvault, layout_loops_ring, chequers_ecumenical_altar_lobes,
          uniq_robin

Skill      XL: |  1  2  3  4 |
---------------+-------------+-----
Necromancy     | 5 6 |  6.0
Spellcasting   | 4 |  4.9
Dodging        | |  2.4
Stealth        | |  2.4

Action                   |  1- 3 |  4- 6 || total
-------------------------+-------+-------++-------
Melee: Mace              |     2 |       ||     2
 Cast: Pain              |    64 |    23 ||    87
       Animate Skeleton  |       |     2 ||     2
  Eat: Chunk             |     3 |     1 ||     4
Armor: Robe              |     4 |     2 ||     6
Dodge: Dodged            |     9 |     5 ||    14

Table legend:
 A = Non-vault XP
 B = Vault XP
 C = Vault XP percentage of total XP
 D = Non-vault monster count
 E = Vault monster count
 F = Vault count percentage of total count
                 A         B        C        D         E       F
            +---------+---------+-------+---------+---------+-------
      Total |      89 |      43 |  32.6 |      41 |      11 |  21.2
            +---------+---------+-------+---------+---------+-------
        D:1 |      30 |       0 |   0.0 |      17 |       0 |   0.0
        D:2 |      19 |       0 |   0.0 |      12 |       0 |   0.0
        D:3 |      40 |      43 |  51.8 |      12 |      11 |  47.8
            +---------+---------+-------+---------+---------+-------
